 Dungeon Crawl Stone Soup version 0.29.1-15-g9cfb28693d (webtiles) character file.

Game seed: 1886387762734949834

1201 dudediamond6 the Trooper (level 8, 0/63 HPs)
             Began as a Demonspawn Abyssal Knight on Feb 25, 2023.
             Was a Priest of Lugonu.
             Killed by divine providence
             ... invoked by an orc priest
              (12 damage)
             ... on level 5 of the Dungeon.
             The game lasted 00:07:41 (6325 turns).

dudediamond6 the Trooper (DsAK)                     Turns: 6325, Time: 00:07:41

Health: 0/63       AC: 12    Str: 16    XL:     8   Next: 21%
Magic:  16/20      EV:  5    Int: 13    God:    Lugonu [***...]
Gold:   238        SH:  0    Dex: 14    Spells: 7/7 levels left

rFire   + . .      SeeInvis .   j - +2 quarterstaff (drain)
rCold   . . .      Faith    .   (shield currently unavailable)
rNeg    . . .      Spirit   .   o - +0 plate armour {rF+}
rPois   .          Reflect  .   (helmet unavailable)
rElec   .          Harm     .   (no cloak)
rCorr   .          Rampage  .   (no gloves)
Will    +....                   (no boots)
Stlth   ..........              (no amulet)
HPRegen 0.20/turn               h - ring of magical power
MPRegen 0.17/turn               m - ring of willpower

@: no status effects
A: horns 3, big brain 1, demonic magic 2
a: Renounce Religion, Depart the Abyss, Bend Space, Banish


You were on level 5 of the Dungeon.
You worshipped Lugonu.
Lugonu was most pleased with you.
You visited 1 branch of the dungeon, and saw 5 of its levels.
You visited the Abyss 1 time.
You also visited: Ossuary.

You collected 238 gold pieces.

Inventory:

Hand Weapons
 a - a +1 spear
 j - a +2 quarterstaff of draining (weapon)
Armour
 o - a +0 plate armour of fire resistance (worn)
Jewellery
 h - a ring of magical power (left hand)
 m - a ring of willpower (right hand)
 p - a ring of fire
 E - a ring of poison resistance
Wands
 u - a wand of roots (13)
 y - a wand of paralysis (8)
Scrolls
 b - a scroll of enchant armour {unknown}
 e - a scroll of torment
 g - 2 scrolls of blinking
 l - a scroll of teleportation {unknown}
 n - a scroll of vulnerability {unknown}
 q - a scroll of enchant weapon {unknown}
 r - 2 scrolls of fog {unknown}
 v - a scroll of fear {unknown}
 w - 2 scrolls of immolation {unknown}
 x - 4 scrolls of poison {unknown}
 z - a scroll of identify
 A - a scroll of magic mapping {unknown}
 F - a scroll of noise {unknown}
Potions
 c - a potion of berserk rage {unknown}
 d - 4 potions of curing {unknown}
 f - 2 potions of might {unknown}
 i - 2 potions of cancellation {unknown}
 k - 3 potions of degeneration {unknown}
 s - 2 potions of mutation {unknown}
 t - a potion of ambrosia {unknown}
 B - a potion of flight {unknown}
 C - a potion of attraction {unknown}
 D - a potion of invisibility {unknown}


   Skills:
 + Level 5.6 Fighting
 - Level 2.0(3.8) Polearms
 + Level 5.0(5.2) Staves
 + Level 5.3 Armour
 - Level 0.8 Dodging
 + Level 1.0 Stealth
 + Level 4.3 Invocations


You had 7 spell levels left.
You didn't know any spells.
Your spell library contained the following spells:

 Spells                   Type           Power      Damage    Failure   Level
 Summon Small Mammal      Summ           0%         N/A       100%        1
 Call Canine Familiar     Summ           0%         N/A       100%        3
 Summon Guardian Golem    Hex/Summ       0%         N/A       100%        3


Dungeon Overview and Level Annotations

Branches:
Dungeon (5/15)             Temple (0/1) D:4         Ossuary (visited)

Altars:
Trog


Innate Abilities, Weirdness & Mutations

You have a pair of large horns on your head.
You have an unusually large brain. (Int +2)
Spells you cast may paralyse nearby enemies.


Message History

The orc priest looks encouraged for a moment.
The orc completely misses you. The orc barely misses you.
You sock the orc priest! You drain the orc priest.
The orc priest is almost dead.
The orc priest hits you but does no damage.
The orc hits you but does no damage.
You are electrocuted!
The orc hits you with a +0 club.
You closely miss the orc priest.
The orc priest is almost dead.
The orc priest hits you with a +0 club. The orc hits you but does no damage.
The orc barely misses you.
You are too injured to fight recklessly!
You are too injured to fight recklessly!
You are too injured to fight recklessly!
The orc priest begins to cast a cantrip, but forgets the words!
The orc attacks as you move away! The orc hits you but does no damage.
The orc attacks as you move away! The orc hits you with a +0 club.
The orc priest invokes the aid of Beogh against you.
Beogh smites you! The orc attacks as you move away!
The orc hits you with a +0 club.
* * * LOW HITPOINT WARNING * * *
The orc throws a boomerang.
The boomerang hits you.
* * * LOW HITPOINT WARNING * * *
The orc throws a stone.
The stone hits you but does no damage.
The orc throws a stone.
The stone hits you but does no damage.
The orc throws a boomerang.
The boomerang hits you but does no damage.
The orc throws a stone.
The stone hits you but does no damage.
The orc priest looks braver for a moment.
The orc throws a stone.
The stone hits you.
* * * LOW HITPOINT WARNING * * *
Press: ? - help, Shift-Dir - straight line, f - orc priest
Aim: an orc priest, wielding a +0 club (almost dead, heavily drained, chance to affect: 85%)
The orc is devoured by a tear in reality.
Lugonu claims a new guest.
You can no longer corrupt the fabric of space.
The orc throws a stone.
The stone completely misses you.
The orc priest invokes the aid of Beogh against you.
Beogh smites you!
You die...

#...###......## .
###..†. ..#
......##..... ##...
#...........o #.....
........#... #....# .
......###.. ...# ...
#......##.o ..#
....##########.......##.
..#
#..........§o........##.
..#
#.....@..§o..........#(
..#
#......#####............
..########.....#
###..........
...............#
#..........
...............#
#..##...... ......#
#.....## #..####....
.....## #......## #..#
##... .....#
##......######..# ##....
.....#
#..........#...###††...


You could see an orc priest (very drained) and an orc.

Vanquished Creatures
  A phantom (D:5)
  2 wights (Ossuary)
  A howler monkey (D:4)
  3 hounds (D:5)
  An orc priest (D:3)
  Jessica (D:2)
  Ijyb (D:4)
  Natasha (thrice) (D:4)
  3 iguanas
  4 orc wizards
  Robin (D:3)
  8 adders
  An ufetubus (D:4)
  2 dart slugs
  12 orcs
  5 ball pythons
  9 endoplasms
  A giant cockroach (D:3)
  7 hobgoblins
  5 jackals
  3 quokkas
  A ball python skeleton (Ossuary)
  4 bats
  5 frilled lizards
  11 goblins
  2 hobgoblin skeletons (Ossuary)
  2 hobgoblin zombies (Ossuary)
  6 kobolds
  A kobold zombie (Ossuary)
  2 orc zombies (Ossuary)
  A quokka zombie (D:4)
  5 rats
  A rat zombie (D:4)
115 creatures vanquished.

Notes
Turn   | Place    | Note
-------+----------+-------------------------------------------
     0 | Abyss:1  | dudediamond6 the Demonspawn Abyssal Knight began the quest
                  | for the Orb.
     0 | Abyss:1  | Reached XP level 1. HP: 18/18 MP: 2/2
     1 | D:1      | Escaped the Abyss
    11 | D:1      | Found a faded altar of an unknown god.
   186 | D:1      | Gained mutation: You have a pair of small horns on your
                  | head. [demonic ancestry]
   186 | D:1      | Reached XP level 2. HP: 24/24 MP: 3/3
  1101 | D:2      | Gained mutation: You have an unusually large brain. (Int
                  | +2) [demonic ancestry]
  1101 | D:2      | Reached XP level 3. HP: 30/30 MP: 5/5
  1258 | D:2      | Reached *** piety under Lugonu
  1331 | D:2      | Found a bloodstained altar of Trog.
  1359 | D:2      | HP: 1/30 [poisoned by an adder]
  1681 | D:2      | Gained mutation: You have a pair of horns on your head.
                  | [demonic ancestry]
  1681 | D:2      | Reached XP level 4. HP: 21/37 MP: 6/6
  1921 | D:2      | Noticed Jessica
  1932 | D:2      | Killed Jessica
  1933 | D:2      | Reached skill level 1 in Staves
  2363 | D:3      | Gained mutation: Spells you cast may paralyse adjacent
                  | enemies. [demonic ancestry]
  2363 | D:3      | Reached XP level 5. HP: 29/43 MP: 7/7
  2747 | D:3      | Noticed Robin
  2763 | D:3      | Killed Robin
  3009 | D:3      | Reached skill level 1 in Stealth
  3114 | D:3      | Reached **** piety under Lugonu
  3692 | D:4      | Found a staircase to the Ecumenical Temple.
  3715 | D:4      | Reached skill level 5 in Fighting
  3715 | D:4      | Gained mutation: You have a pair of large horns on your
                  | head. [demonic ancestry]
  3715 | D:4      | Reached XP level 6. HP: 46/51 MP: 8/8
  3716 | D:4      | Noticed Natasha
  3725 | D:4      | Killed Natasha
  3727 | D:4      | Noticed Ijyb
  3740 | D:4      | Killed Ijyb
  3937 | D:4      | Found a sand-covered staircase.
  3951 | Ossuary  | Entered an ossuary
  4043 | Ossuary  | Noticed a wraith
  4043 | Ossuary  | Noticed a flying skull
  4076 | Ossuary  | Noticed a flying skull
  4138 | Ossuary  | Noticed a flying skull
  4264 | Ossuary  | Noticed a wraith
  4271 | Ossuary  | Banished a wraith
  4272 | Ossuary  | Reached XP level 7. HP: 38/56 MP: 9/9
  4382 | Ossuary  | Noticed a wraith
  4383 | Ossuary  | Banished a wraith
  4826 | D:4      | Noticed Natasha
  4833 | D:4      | Killed Natasha
  5077 | D:4      | Found a staircase to the Ecumenical Temple.
  5208 | D:4      | Noticed Natasha
  5215 | D:4      | Killed Natasha
  5602 | D:5      | Entered Level 5 of the Dungeon
  6075 | D:5      | Gained mutation: Spells you cast may paralyse nearby
                  | enemies. [demonic ancestry]
  6075 | D:5      | Reached XP level 8. HP: 62/62 MP: 11/11
  6179 | D:5      | Reached skill level 5 in Armour
  6289 | D:5      | Reached skill level 5 in Staves
  6325 | D:5      | Killed from afar by an orc priest

Illustrated notes

Levels and vault maps discovered:
D:1:      dpeg_arrival_windows_large_door, layout_basic,
          hellmonk_ecumenical_altar_run_dry, ebering_dispersal_statue_hall,
          minivault_4, minmay_misc_feat_four_crosses
D:2:      layout_rooms, serial_glass, glass_columns_a, glass_columns_c,
          basic_altar, uniq_jessica
D:3:      wander_river, layout_basic, uniq_robin
D:4:      layout_basic, minmay_temple_entry_ruins, enter_ossuary_4,
          uniq_natasha, uniq_ijyb
D:5:      layout_layer_cave, nicolae_dithmenos_the_darkroom

Skill      XL: |  1  2  3  4  5  6  7  8 |
---------------+-------------------------+-----
Polearms       | 2 |  2.0
Armour         | 2 3 4 5 |  5.3
Invocations    | 3 4 |  4.3
Fighting       | 4 5 |  5.6
Staves         | 1 2 4 5 |  5.0
Stealth        | 1 |  1.0
Dodging        | |  0.8

Action                   |  1- 3 |  4- 6 |  7- 9 || total
-------------------------+-------+-------+-------++-------
Melee: Spear             |    46 |       |       ||    46
       Quarterstaff      |    54 |   126 |    68 ||   248
       Headbutt          |    10 |    13 |    10 ||    33
Invok: Banish            |       |     1 |     3 ||     4
       Bend Space        |       |       |     2 ||     2
  Use: Scroll            |       |     2 |       ||     2
 Stab: Sleeping          |     1 |       |       ||     1
Armor: Leather armour    |    21 |       |       ||    21
       Chain mail        |       |    28 |       ||    28
       Robe              |       |     2 |       ||     2
       Plate armour      |       |    59 |    65 ||   124
Dodge: Dodged            |    58 |    32 |    33 ||   123
